Map: Frozen Temple

Players

ByuN - Winner!

  • Race: Terran Terran

Dark

  • Race: Zerg Zerg

VOD

https://www.youtube.com/watch?v=c2IlcS7AHxM&t=40m

Description

3 Rax Reaper

Time

  • Played on: Nov. 5, 2016, 6:08 p.m.
  • Length: 6:26
Show
View Real Time Build Order
Export as new Build Order

ByuN Terran - Winner!

Build Orders:  

Get SALT Encoding   

  12  0:00  SCV  
  13  0:12  SCV  
  14  0:18  Supply Depot  
  14  0:20  Supply Depot  
  14  0:24  SCV  
  15  0:42  SCV  
  16  0:43  Barracks  
  16  0:45  Refinery  
  16  0:54  SCV  
  17  1:00  Barracks  
  17  1:06  SCV  
  18  1:18  SCV  
  19  1:30  Orbital Command, Reaper  
  20  1:37  Barracks  
  20  1:42  Refinery  
  20  1:46  Reaper  
  21  1:55  Supply Depot  
  21  1:58  SCV  
  22  2:06  Reaper  
  23  2:17  SCV  
  23  2:18  Reaper  
  25  2:27  Supply Depot  
  25  2:28  Reaper  
  25  2:29  SCV  
  27  2:40  Reaper  
  27  2:41  SCV  
  29  2:54  Reaper  
  29  2:57  SCV  
  29  2:58  Command Center  
  31  3:05  Reaper  
  32  3:09  SCV  
  33  3:18  Supply Depot  
  34  3:20  Reaper  
  34  3:22  SCV  
  36  3:32  Barracks Tech Lab  
  35  3:34  SCV  
  35  3:37  Barracks Reactor  
  36  3:42  Supply Depot  
  36  3:46  SCV  
  37  3:52  Barracks Reactor  
  37  3:53  Marine  
  37  3:54  Bunker, Stimpack  
  38  3:59  SCV  
  39  4:07  Factory  
  39  4:10  Orbital Command  
  39  4:11  SCV, Marine  
  41  4:18  Marine  
  41  4:19  Engineering Bay  
  41  4:20  Marine  
  43  4:25  SCV  
  44  4:32  Marine x2  
  44  4:33  Marauder  
  44  4:38  SCV x2  
  50  4:40  Marine  
  50  4:41  Marine  
  52  4:52  Starport  
  52  4:57  Marine x2  
  54  5:00  Marine x2  
  56  5:08  Marauder  
  58  5:15  SCV x2, Factory Reactor  
  58  5:21  Marine x4  
  64  5:29  Marauder  
  66  5:39  Marine  
  66  5:40  Marine x2  
  70  5:42  Marine  
  69  5:50  Marine  
  69  5:51  SCV  
  67  5:59  Marine  
  67  6:00  Marine x2  
Show
View Real Time Build Order
Export as new Build Order

Dark Zerg 

Build Orders: Pool First 

Get SALT Encoding   

  12  0:00  Drone  
  13  0:12  Overlord  
  13  0:16  Drone  
  14  0:30  Drone x2  
  16  0:37  Drone  
  17  0:44  Extractor  
  17  0:46  Drone  
  17  0:52  Spawning Pool  
  17  0:56  Drone  
  17  1:06  Drone  
  18  1:17  Hatchery  
  17  1:22  Drone  
  18  1:28  Drone  
  19  1:38  Queen  
  21  1:41  Zergling x2  
  21  1:46  Metabolic Boost  
  22  1:53  Overlord  
  22  2:12  Drone x2  
  22  2:14  Queen  
  26  2:27  Zergling x2  
  26  2:28  Queen  
  29  2:34  Roach Warren  
  28  2:37  Zergling x2  
  28  2:38  Zergling x2  
  30  2:53  Overlord  
  30  2:59  Drone x3  
  30  3:00  Extractor  
  30  3:16  Roach x4  
  40  3:20  Roach  
  40  3:30  Roach  
  40  3:32  Roach  
  44  3:45  Overlord x2  
  44  4:03  Roach  
  44  4:04  Ravager x3, Roach  
  44  4:05  Zergling x2  
  52  4:14  Zergling x4  
  54  4:20  Ravager  
  55  4:29  Zergling x4  
  55  4:30  Zergling x4  
  59  4:36  Zergling x2  
  59  4:38  Overlord  
  60  4:45  Overlord  
  60  4:53  Overlord  
  60  4:57  Zergling x4  
  60  4:58  Zergling x2  
  58  5:09  Ravager x2  
  58  5:10  Zergling x4, Ravager  
  58  5:13  Zergling x4  
  65  5:14  Ravager  
  65  5:26  Ravager  
  65  5:28  Zergling x2  
  67  5:30  Zergling x4  
  67  5:38  Zergling x4  
  67  5:39  Zergling x2  
  68  5:43  Zergling x4  
  68  5:49  Roach  
  72  5:59  Zergling x4  
  69  6:08  Zergling x2  
Tags
 
Add a new tag
Caveats
  • Supply blocks, unpowered buildings, or Contaminate may cause inaccurate times.
  • Supply counts are checked every 10 seconds.